NCAA
ILLINOIS FIGHTING ILLINI @ GEORGIA BULLDOGS
04/01/2023
 
TOP OF THE 1ST
Illinois Fighting Illini batting - Pitching for Georgia Bulldogs : RHP Vaughn Stanley
Pitching: RHP Vaughn Stanley
Batting: RHB Buddy Griffin 0-0: Called Strike
0-1: Called Strike
0-2: Ball
1-2: Strikes out looking
Batting: LHB Henry Durham 0-0: Fly out, F1 (Popup, 34S)
Batting: RHB Clinton Barton 0-0: Called Strike
0-1: Foul Ball, location: 2F
0-2: Ball
1-2: Ball
2-2: Foul Ball, location: 2F
2-2: Ground out 6-3 (Groundball, 6D)
Top of the 1st over - 0 run(s), 0 hit(s), 0 error(s), 0 left on base; Illinois 0 - Georgia 0
BOTTOM OF THE 1ST
Georgia Bulldogs batting - Pitching for Illinois Fighting Illini : RHP Jeremiah Boswell
Pitching: RHP Jeremiah Boswell
Batting: RHB Nick Harris 0-0: Fly out, F4 (Line Drive, 4)
Batting: SHB Lawrence Farley 0-0: Foul Ball, location: 2F
0-1: Ground out 3-1 (Groundball, 34S)
Batting: RHB Francisco Rodríguez 0-0: Ball
1-0: Called Strike
1-1: Ball
2-1: Foul Ball, location: 2F
2-2: Foul Ball, location: 2F
2-2: Foul Ball, location: 2F
2-2: Strikes out swinging
Bottom of the 1st over - 0 run(s), 0 hit(s), 0 error(s), 0 left on base; Illinois 0 - Georgia 0
TOP OF THE 2ND
Illinois Fighting Illini batting - Pitching for Georgia Bulldogs : RHP Vaughn Stanley
Batting: LHB Milton Watson 0-0: Ball
1-0: Called Strike
1-1: Ball
2-1: SINGLE (Line Drive, 9LS)
Batting: RHB Michael Jones 0-0: Foul Ball, location: 2F
0-1: Foul Ball, location: 2F
0-2: Ball
1-2: Strikes out swinging
Batting: SHB Jared McNayer 0-0: Called Strike
0-1: Foul Ball, location: 2F
0-2: Foul Ball, location: 2F
0-2: Ball
1-2: Ball
2-2: Strikes out swinging
Batting: RHB Brandon Berry 0-0: Called Strike
0-1: Ball
1-1: Swinging Strike
1-2: Foul Ball, location: 2F
1-2: Ball
2-2: Strikes out swinging
Top of the 2nd over - 0 run(s), 1 hit(s), 0 error(s), 1 left on base; Illinois 0 - Georgia 0
BOTTOM OF THE 2ND
Georgia Bulldogs batting - Pitching for Illinois Fighting Illini : RHP Jeremiah Boswell
Batting: RHB Jesús Ortíz 0-0: Ball
1-0: Swinging Strike
1-1: Foul Ball, location: 2F
1-2: Ball
2-2: Foul Ball, location: 2F
2-2: Fly out, F4 (Popup, 4)
Batting: RHB John Dyer 0-0: Called Strike
0-1: Ground out 6-3 (Groundball, 6)
Batting: RHB Félix Castro 0-0: Ball
1-0: Called Strike
1-1: Foul Ball, location: 2F
1-2: Foul Ball, location: 2F
1-2: Ball
2-2: Strikes out swinging
Bottom of the 2nd over - 0 run(s), 0 hit(s), 0 error(s), 0 left on base; Illinois 0 - Georgia 0
TOP OF THE 3RD
Illinois Fighting Illini batting - Pitching for Georgia Bulldogs : RHP Vaughn Stanley
Batting: LHB Steven Fox 0-0: Called Strike
0-1: Ball
1-1: SINGLE (Groundball, 6MS)
Batting: LHB Joe Alexander 0-0: Called Strike
0-1: Foul Ball, location: 2F
0-2: Ball
1-2: Ball
2-2: Strikes out looking
Batting: RHB Buddy Griffin 0-0: Ball
1-0: Foul Ball, location: 2F
1-1: Fielders Choice at 2nd, 6-4 (Groundball, 6)
Batting: LHB Henry Durham 0-0: Ball
Buddy Griffin steals 2nd base
1-0: Ball
2-0: Called Strike
2-1: Ball
3-1: Base on Balls
Batting: RHB Clinton Barton 0-0: Ball
1-0: Foul Ball, location: 2F
1-1: Ball
2-1: Called Strike
2-2: Strikes out swinging
Top of the 3rd over - 0 run(s), 1 hit(s), 0 error(s), 2 left on base; Illinois 0 - Georgia 0
BOTTOM OF THE 3RD
Georgia Bulldogs batting - Pitching for Illinois Fighting Illini : RHP Jeremiah Boswell
Batting: RHB Jeremiah Soto 0-0: Ball
1-0: Called Strike
1-1: Ball
2-1: Foul Ball, location: 2F
2-2: Fly out, F9 (Line Drive, 9M)
Batting: LHB Dave Lee 0-0: Foul Ball, location: 2F
0-1: Called Strike
0-2: Fly out, F7 (Flyball, 7M)
Batting: RHB Jorge Pérez 0-0: Called Strike
0-1: DOUBLE (Line Drive, 7LS)
Batting: RHB Nick Harris 0-0: Reached on error, E5 (Groundball, 5S)
Jorge Pérez to third
Batting: SHB Lawrence Farley 0-0: Ball
1-0: Ball
2-0: Reached on error, E2 (Groundball, 2L)
Jorge Pérez scores
Nick Harris to third
Batting: RHB Francisco Rodríguez 0-0: Ball
1-0: Ball
2-0: Called Strike
2-1: Ball
3-1: SINGLE (Line Drive, 89S)
Nick Harris scores
Lawrence Farley to third
Batting: RHB Jesús Ortíz 0-0: DOUBLE (Flyball, 7D)
Lawrence Farley scores
Francisco Rodríguez to third
Runner from 3rd tries for Home, SAFE, no throw or cutoff
Batting: RHB John Dyer 0-0: Ball
1-0: Foul Ball, location: 2F
1-1: Ground out 5-3 (Groundball, 56)
Bottom of the 3rd over - 4 run(s), 3 hit(s), 2 error(s), 1 left on base; Illinois 0 - Georgia 4
TOP OF THE 4TH
Illinois Fighting Illini batting - Pitching for Georgia Bulldogs : RHP Vaughn Stanley
Batting: LHB Milton Watson 0-0: Ball
1-0: Fly out, F4 (Line Drive, 4)
Batting: RHB Michael Jones 0-0: Ball
1-0: Ball
2-0: Ball
3-0: Called Strike
3-1: Fly out, F4 (Line Drive, 4)
Batting: SHB Jared McNayer 0-0: Called Strike
0-1: Ball
1-1: Swinging Strike
1-2: Ball
2-2: Ball
3-2: Fly out, F7 (Flyball, 7LM)
Top of the 4th over - 0 run(s), 0 hit(s), 0 error(s), 0 left on base; Illinois 0 - Georgia 4
BOTTOM OF THE 4TH
Georgia Bulldogs batting - Pitching for Illinois Fighting Illini : RHP Jeremiah Boswell
Batting: RHB Félix Castro 0-0: Fly out, F8 (Flyball, 8LM)
Batting: RHB Jeremiah Soto 0-0: Ball
1-0: Called Strike
1-1: Foul Ball, location: 2F
1-2: Ball
2-2: Strikes out swinging
Batting: LHB Dave Lee 0-0: Fly out, F5 (Popup, 5F)
Bottom of the 4th over - 0 run(s), 0 hit(s), 0 error(s), 0 left on base; Illinois 0 - Georgia 4
TOP OF THE 5TH
Illinois Fighting Illini batting - Pitching for Georgia Bulldogs : RHP Vaughn Stanley
Batting: RHB Brandon Berry 0-0: Ball
1-0: Fly out, F2 (Popup, 2LF)
Batting: LHB Steven Fox 0-0: Ball
1-0: Called Strike
1-1: Ball
2-1: Swinging Strike
2-2: Foul Ball, location: 2F
2-2: Fly out, F8 (Flyball, 8RM)
Batting: LHB Joe Alexander 0-0: Ball
1-0: SINGLE (Popup, 8LS)
Batting: RHB Buddy Griffin 0-0: Swinging Strike
0-1: Foul Ball, location: 2F
0-2: Strikes out swinging
Top of the 5th over - 0 run(s), 1 hit(s), 0 error(s), 1 left on base; Illinois 0 - Georgia 4
BOTTOM OF THE 5TH
Georgia Bulldogs batting - Pitching for Illinois Fighting Illini : RHP Jeremiah Boswell
Batting: RHB Jorge Pérez 0-0: Called Strike
0-1: Fly out, F9 (Line Drive, 9S)
Batting: RHB Nick Harris 0-0: Ground out 6-3 (Groundball, 6)
Batting: SHB Lawrence Farley 0-0: Ball
1-0: Ball
2-0: Ball
3-0: Called Strike
3-1: SINGLE (Line Drive, 78M)
Batting: RHB Francisco Rodríguez 0-0: Ball
1-0: Ball
2-0: Fly out, F7 (Flyball, 7M)
Bottom of the 5th over - 0 run(s), 1 hit(s), 0 error(s), 1 left on base; Illinois 0 - Georgia 4
TOP OF THE 6TH
Illinois Fighting Illini batting - Pitching for Georgia Bulldogs : RHP Vaughn Stanley
Batting: LHB Henry Durham 0-0: Ball
1-0: SINGLE (Line Drive, 34D)
Pitching: RHP Victor Coleman
Batting: RHB Clinton Barton 0-0: Called Strike
0-1: Foul Ball, location: 2F
0-2: Ball
1-2: Foul Ball, location: 2F
1-2: Foul Ball, location: 2F
1-2: Ball
2-2: Strikes out swinging
Batting: LHB Milton Watson 0-0: Swinging Strike
0-1: Ball
1-1: Ground out 5-3 (Groundball, 56S)
Henry Durham to second
Batting: RHB Michael Jones 0-0: Ball
1-0: Foul Ball, location: 2F
1-1: Foul Ball, location: 2F
1-2: Ball
2-2: Foul Ball, location: 2F
2-2: Ball
3-2: Base on Balls
Batting: SHB Jared McNayer 0-0: DOUBLE (Flyball, 78M)
Henry Durham scores
Michael Jones to third
Runner from 3rd tries for Home, throw and OUT!
Top of the 6th over - 1 run(s), 2 hit(s), 0 error(s), 1 left on base; Illinois 1 - Georgia 4
BOTTOM OF THE 6TH
Georgia Bulldogs batting - Pitching for Illinois Fighting Illini : RHP Jeremiah Boswell
Batting: RHB Jesús Ortíz 0-0: SINGLE (Groundball, 56D) (infield hit)
Batting: RHB John Dyer 0-0: Swinging Strike
0-1: Called Strike
0-2: Ball
1-2: Ball
2-2: Ball
3-2: Foul Ball, location: 2F
3-2: Strikes out swinging
Batting: RHB Félix Castro 0-0: Ball
1-0: Grounds into double play, 6-4-3 (Groundball, 6)
Bottom of the 6th over - 0 run(s), 1 hit(s), 0 error(s), 0 left on base; Illinois 1 - Georgia 4
TOP OF THE 7TH
Illinois Fighting Illini batting - Pitching for Georgia Bulldogs : RHP Victor Coleman
Batting: RHB Brandon Berry 0-0: Called Strike
0-1: Ball
1-1: Called Strike
1-2: Strikes out swinging
Batting: LHB Steven Fox 0-0: Ground out 1-3 (Groundball, 13)
Batting: LHB Joe Alexander 0-0: Ball
1-0: Fly out, F9 (Flyball, 9M)
Top of the 7th over - 0 run(s), 0 hit(s), 0 error(s), 0 left on base; Illinois 1 - Georgia 4
BOTTOM OF THE 7TH
Georgia Bulldogs batting - Pitching for Illinois Fighting Illini : RHP Jeremiah Boswell
Batting: RHB Jeremiah Soto 0-0: Called Strike
0-1: Called Strike
0-2: Ball
1-2: Ball
2-2: Ball
3-2: Foul Ball, location: 2F
3-2: Ground out 4-3 (Groundball, 4)
Pitching: RHP Joe Smith
Batting: LHB Dave Lee 0-0: SINGLE (Line Drive, 89S)
Batting: RHB Jorge Pérez 0-0: Ball
1-0: Ball
2-0: SINGLE (Groundball, 6D)
Dave Lee to second
Batting: RHB Nick Harris 0-0: Swinging Strike
0-1: Ball
1-1: SINGLE (Line Drive, 9LS)
Dave Lee to third
Jorge Pérez to second
Runner from 3rd tries for Home, SAFE, no throw or cutoff
Batting: SHB Lawrence Farley 0-0: Fly out, F7 (Flyball, 78M)
Batting: RHB Francisco Rodríguez 0-0: Ball
1-0: Ball
2-0: Ball
3-0: Called Strike
3-1: Base on Balls
Jorge Pérez to third
Nick Harris to second
Batting: RHB Jesús Ortíz 0-0: Ball
1-0: Ball
2-0: Foul Ball, location: 2F
2-1: Foul Ball, location: 2F
2-2: Ball
3-2: Foul Ball, location: 2F
3-2: Base on Balls
Jorge Pérez scores
Nick Harris to third
Francisco Rodríguez to second
Batting: RHB John Dyer 0-0: Ball
1-0: Ball
2-0: Ball
3-0: Called Strike
3-1: Called Strike
3-2: SINGLE (Groundball, 6M)
Nick Harris scores
Francisco Rodríguez to third
Jesús Ortíz to second
Francisco Rodríguez scores
Jesús Ortíz to third
Pitching: RHP Brian Paige
Batting: RHB Félix Castro 0-0: Ball
1-0: DOUBLE (Line Drive, 4M)
Jesús Ortíz scores
John Dyer to third
Batting: RHB Jeremiah Soto 0-0: Ball
1-0: Ball
2-0: Ball
3-0: Base on Balls
Batting: LHB Dave Lee 0-0: Ball
1-0: Ball
2-0: Ball
3-0: Called Strike
3-1: Fly out, F8 (Flyball, 8RM)
Bottom of the 7th over - 5 run(s), 5 hit(s), 0 error(s), 3 left on base; Illinois 1 - Georgia 9
TOP OF THE 8TH
Illinois Fighting Illini batting - Pitching for Georgia Bulldogs : RHP Victor Coleman
Pitching: RHP Tommy Johnson
Batting: RHB Buddy Griffin 0-0: Called Strike
0-1: Ball
1-1: Bunted foul
1-2: Ground out 1-3 (Groundball, 13S)
Batting: LHB Henry Durham 0-0: Called Strike
0-1: SINGLE (Flyball, 78S)
Batting: RHB Clinton Barton 0-0: Ground out 1-3 (Groundball, 34S)
Henry Durham to second
Batting: LHB Milton Watson 0-0: Called Strike
0-1: Ball
1-1: Foul Ball, location: 2F
1-2: Fly out, F7 (Flyball, 7M)
Top of the 8th over - 0 run(s), 1 hit(s), 0 error(s), 1 left on base; Illinois 1 - Georgia 9
BOTTOM OF THE 8TH
Georgia Bulldogs batting - Pitching for Illinois Fighting Illini : RHP Brian Paige
Batting: RHB Jorge Pérez 0-0: Called Strike
0-1: Fly out, F9 (Flyball, 9LM)
Batting: RHB Nick Harris 0-0: Ball
1-0: Ball
2-0: SINGLE (Groundball, 34D)
Batting: SHB Lawrence Farley 0-0: Swinging Strike
0-1: Swinging Strike
0-2: Strikes out swinging
Batting: RHB Francisco Rodríguez 0-0: Foul Ball, location: 2F
0-1: Hit by Pitch
Nick Harris to second
Batting: RHB Jesús Ortíz 0-0: Ball
1-0: Called Strike
1-1: Ball
2-1: Called Strike
2-2: Foul Ball, location: 2F
2-2: Foul Ball, location: 2F
2-2: Hit by Pitch
Nick Harris to third
Francisco Rodríguez to second
Batting: RHB John Dyer 0-0: Ball
1-0: Called Strike
1-1: Ball
2-1: Foul Ball, location: 2F
2-2: Hit by Pitch
Nick Harris scores
Francisco Rodríguez to third
Jesús Ortíz to second
Batting: RHB Félix Castro 0-0: Fly out, F5 (Popup, 15)
Bottom of the 8th over - 1 run(s), 1 hit(s), 0 error(s), 3 left on base; Illinois 1 - Georgia 10
TOP OF THE 9TH
Illinois Fighting Illini batting - Pitching for Georgia Bulldogs : RHP Tommy Johnson
Now in CF: Mike White
Batting: RHB Michael Jones 0-0: Ball
1-0: Foul Ball, location: 2F
1-1: Ball
2-1: Swinging Strike
2-2: Ball
3-2: Strikes out swinging, 2-3 out at first.
Batting: SHB Jared McNayer 0-0: Ball
1-0: Called Strike
1-1: Ball
2-1: Ball
3-1: Base on Balls
Batting: RHB Brandon Berry 0-0: Fly out, F9 (Flyball, 9M)
Batting: LHB Steven Fox 0-0: Swinging Strike
0-1: Ball
1-1: Foul Ball, location: 2F
1-2: Ball
2-2: Foul Ball, location: 2F
2-2: Fly out, F2 (Popup, 2LF)
Top of the 9th over - 0 run(s), 0 hit(s), 0 error(s), 1 left on base; Illinois 1 - Georgia 10
This league is powered by Out of the Park Baseball, the baseball management simulation game for PC, Mac and Linux
Wednesday, December 2nd, 2015 - OOTP Baseball 16.8 Build 38